 Dungeon Crawl Stone Soup version 0.21.1-1-g345015fe64 (webtiles) character file.

1236 KleinerIrrer the Cleaver (level 8, -3/62 HPs)
             Began as a Formicid Fighter on Apr 12, 2018.
             Slain by Burgietje's ghost (19 damage)
             ... on level 7 of the Dungeon on Apr 13, 2018.
             The game lasted 00:03:42 (9550 turns).

KleinerIrrer the Cleaver (Formicid Fighter)         Turns: 9550, Time: 00:03:42

Health: -3/62      AC: 10    Str: 23    XL:     8   Next: 78%
Magic:  8/8        EV:  9    Int:  8    God:
Gold:   250        SH: 10    Dex: 10    Spells: 7/7 levels left

rFire    . . .     SeeInvis +   Y - +4 war axe
rCold    + . .     Gourm    .   c - +0 shield
rNeg     . . .     Faith    .   b - +0 scale mail
rPois    .         Spirit   .   (helmet unavailable)
rElec    .         Reflect  .   (no cloak)
rCorr    +         Harm     .   (no gloves)
MR       .....                  f - +2 pair of boots
Stlth    ..........             (no amulet)
HPRegen  0.20/turn              m - ring of protection from cold
MPRegen  0.11/turn              p - ring of resist corrosion

@: no status effects
A: permanent stasis, dig shafts and tunnels, four strong arms, antennae 3
a: Dig, Shaft Self


You were on level 7 of the Dungeon.
You were not hungry.

You visited 2 branches of the dungeon, and saw 8 of its levels.
You also visited: Sewer.

You collected 250 gold pieces.


Innate Abilities, Weirdness & Mutations

You cannot be hasted, slowed, berserked, paralysed or teleported.
You can dig through walls and to a lower floor.
Your four strong arms can wield two-handed weapons with a shield.
You have a pair of large antennae on your head. (SInv)


   Skills:
 - Level 5.0 Fighting
 + Level 8.5 Axes
 - Level 3.2 Armour
 - Level 1.0 Dodging
 - Level 6.0 Shields


You had 7 spell levels left.
You didn't know any spells.

Inventory:

Hand Weapons
 o - a +0 flail
 Y - a +4 war axe (weapon)
Missiles
 a - 2 tomahawks
 e - 9 javelins of penetration (quivered)
Armour
 b - a +0 scale mail (worn)
 c - a +0 shield (worn)
 f - a +2 pair of boots (worn)
Jewellery
 m - a ring of protection from cold (left hand)
 p - a ring of resist corrosion (right hand)
 r - an uncursed ring of positive energy
Wands
 g - a wand of polymorph (3)
Scrolls
 j - 3 scrolls of remove curse
 l - a scroll of enchant armour
 q - a scroll of identify
Potions
 d - 2 potions of might
 h - a potion of resistance
 i - a potion of cancellation
 k - a potion of berserk rage {unknown}
 n - a potion of curing
Comestibles
 s - 4 chunks of flesh

Dungeon Overview and Level Annotations

Branches:
Dungeon (7/15)             Temple (1/1) D:4

Altars:
Ashenzari
Cheibriados
Dithmenos
Elyvilon
Fedhas
Gozag
Hepliaklqana
Kikubaaqudgha
Makhleb
Nemelex Xobeh
Okawaru
Qazlal
Ru
Sif Muna
Trog
Uskayaw
Vehumet
Wu Jian
Xom
Yredelemnul
Zin
The Shining One

Annotations:
D:7 Burgietje's ghost, novice GrFi


Message History

Burgietje's ghost hits you!
You hit Burgietje's ghost.
Burgietje's ghost is lightly damaged.
Burgietje's ghost hits you!
You closely miss Burgietje's ghost.
Burgietje's ghost is lightly damaged.
Burgietje's ghost hits you.
You hit Burgietje's ghost but do no damage.
Burgietje's ghost is lightly damaged.
Burgietje's ghost hits you!
You barely miss Burgietje's ghost.
Burgietje's ghost is lightly damaged.
Burgietje's ghost barely misses you.
You slash Burgietje's ghost!
Burgietje's ghost is moderately damaged.
You block Burgietje's ghost's attack.
You closely miss Burgietje's ghost.
Burgietje's ghost is moderately damaged.
Burgietje's ghost hits you!!
You die...

# #.# #.##.#
#######.########## #.##.#
##...##..........# #.##.#
..._....########.# #.##.#
._..._......# #.# #.##.#
........###.# #.# #.##.#
_..}.._.# #.# #.# #.##.#
........###.# #.# #.##.#
._..._......####@#####.##.#
......(........W.......##.#
.............###.######.#.##
.............# #.# #....#
........###+####.######.####
...............#...........#
#######........#############
#........# #........#


You could see Burgietje's ghost.

Vanquished Creatures
  The ghost of KleinerIrrer the Chopper, an amateur DDFi (D:4)
  The ghost of Bal the Shield-Bearer, an amateur MiFi (D:3)
  An ogre (D:7)
  A centaur (D:5)
  A scorpion (D:6)
  A crimson imp (D:5)
  A centaur zombie (D:6)
  2 orc wizards
  A bullfrog skeleton (D:5)
  A gnoll shaman (D:5)
  A hound (D:5)
  2 jellies (D:6)
  3 iguanas
  A worker ant (D:4)
  A killer bee zombie (D:6)
  A worker ant zombie (D:5)
  10 gnolls
  A river rat (D:6)
  15 adders
  A shadow imp (D:5)
  2 oozes (D:2)
  A worm (D:2)
  5 dart slugs
  3 leopard geckos
  9 orcs
  5 ball pythons
  2 giant cockroaches
  11 goblins
  9 hobgoblins
  11 jackals
  10 kobolds
  5 quokkas
  8 bats
  8 frilled lizards
  A leopard gecko skeleton (D:4)
  A quokka skeleton (D:3)
  5 rats
143 creatures vanquished.

Vanquished Creatures (others)
  2 plants (Sewer)
2 creatures vanquished.

Grand Total: 145 creatures vanquished

Notes
Turn   | Place    | Note
-------+----------+-------------------------------------------
     0 | D:1      | KleinerIrrer the Formicid Fighter began the quest for the Orb.
     0 | D:1      | Reached XP level 1. HP: 18/18 MP: 1/1
     0 | D:1      | 0 ||| counter = 73
    21 | D:1      | Reached XP level 2. HP: 11/24 MP: 2/2
   419 | D:1      | Reached skill level 3 in Axes
   526 | D:1      | Reached XP level 3. HP: 29/29 MP: 3/3
   638 | D:1      | 638 ||| DROPPING club.
   747 | D:1      | 747 ||| READING 3 scrolls labeled UGOMAAG AFFUTS.
   748 | D:1      | 748 ||| READING 2 scrolls of enchant weapon.
   748 | D:1      | 748 ||| ENCHANTING +1 war axe.
   749 | D:1      | 749 ||| READING scroll of enchant weapon.
   749 | D:1      | 749 ||| ENCHANTING +2 war axe.
   750 | D:1      | 750 ||| READING 2 scrolls labeled OVIUXU DITUWEHIR.
   751 | D:1      | 751 ||| READING scroll labeled ESUXTIEFIW.
   752 | D:1      | 752 ||| DRINKING 2 amethyst potions.
   915 | D:2      | Reached skill level 4 in Axes
   915 | D:2      | Reached XP level 4. HP: 35/35 MP: 4/4
  1076 | D:2      | Found a hide-covered altar of Uskayaw.
  1842 | D:2      | 1842 ||| READING 5 scrolls labeled JEOM ROAVA.
  1843 | D:2      | 1843 ||| READING scroll labeled BYVUAV USCHO.
  1844 | D:2      | 1844 ||| READING scroll labeled BIZULL JUGECA.
  1845 | D:2      | 1845 ||| READING 4 scrolls of identify.
  1845 | D:2      | 1845 ||| IDENTIFYING sapphire ring
  1846 | D:2      | 1846 ||| DROPPING cursed ring of loudness.
  1847 | D:2      | 1847 ||| READING 3 scrolls of identify.
  1847 | D:2      | 1847 ||| IDENTIFYING jade ring
  1848 | D:2      | 1848 ||| UPGRADING to ring of resist corrosion.
  1849 | D:2      | 1849 ||| READING 2 scrolls of identify.
  1849 | D:2      | 1849 ||| IDENTIFYING golden ring
  1850 | D:2      | 1850 ||| UPGRADING to ring of positive energy.
  1941 | D:3      | Reached XP level 5. HP: 41/41 MP: 5/5
  2047 | D:3      | Found a glowing silver altar of Zin.
  2155 | D:3      | Reached skill level 5 in Axes
  2376 | D:3      | Reached skill level 1 in Dodging
  2558 | D:3      | Found a stormy altar of Qazlal.
  2558 | D:3      | Noticed Bal's ghost (amateur MiFi)
  2596 | D:3      | 2596 ||| STAIRDANCE
  2651 | D:2      | 2651 ||| READING scroll labeled QOFYITT KULL.
  2652 | D:2      | 2652 ||| READING scroll of identify.
  2652 | D:2      | 2652 ||| IDENTIFYING garnet ring
  2653 | D:2      | 2653 ||| DROPPING ring of flight.
  2658 | D:3      | 2658 ||| STAIRDANCE
  2744 | D:3      | 2744 ||| STAIRDANCE
  2782 | D:3      | 2782 ||| STAIRDANCE
  2898 | D:3      | 2898 ||| STAIRDANCE
  2948 | D:3      | 2948 ||| STAIRDANCE
  3082 | D:2      | 3082 ||| EATING 3 rations.
  3086 | D:3      | 3086 ||| STAIRDANCE
  3161 | D:3      | 3161 ||| STAIRDANCE
  3253 | D:3      | 3253 ||| STAIRDANCE
  3398 | D:3      | 3398 ||| STAIRDANCE
  3494 | D:3      | 3494 ||| STAIRDANCE
  3677 | D:3      | 3677 ||| STAIRDANCE
  3892 | D:3      | 3892 ||| STAIRDANCE
  4045 | D:3      | 4045 ||| STAIRDANCE
  4219 | D:2      | 4219 ||| EATING 2 rations.
  4222 | D:3      | 4222 ||| STAIRDANCE
  4281 | D:3      | 4281 ||| STAIRDANCE
  4358 | D:3      | 4358 ||| STAIRDANCE
  4457 | D:3      | 4457 ||| STAIRDANCE
  4603 | D:3      | 4603 ||| STAIRDANCE
  4712 | D:3      | 4712 ||| STAIRDANCE
  4929 | D:4      | Found a staircase to the Ecumenical Temple.
  4935 | Temple   | Entered the Ecumenical Temple
  4936 | Temple   | 4936 ||| Entered T.
  5219 | D:4      | Noticed KleinerIrrer's ghost (amateur DDFi)
  5220 | D:4      | 5220 ||| EATING ration.
  5296 | D:4      | 5296 ||| STAIRDANCE
  5386 | D:4      | 5386 ||| STAIRDANCE
  5498 | D:4      | 5498 ||| STAIRDANCE
  5554 | D:4      | Killed KleinerIrrer's ghost
  5554 | D:4      | Reached skill level 6 in Axes
  5554 | D:4      | Reached XP level 6. HP: 47/47 MP: 6/6
  5843 | D:4      | 5843 ||| STAIRDANCE
  5874 | D:3      | 5874 ||| UPGRADING to pair of boots.
  5879 | D:3      | 5879 ||| READING 2 scrolls of enchant armour.
  5879 | D:3      | 5879 ||| ENCHANTING +0 pair of boots.
  5880 | D:3      | 5880 ||| READING scroll of enchant armour.
  5880 | D:3      | 5880 ||| ENCHANTING +1 pair of boots.
  5881 | D:3      | 5881 ||| DRINKING 2 bubbling white potions.
  5911 | D:4      | Found a snail-covered altar of Cheibriados.
  5916 | D:4      | Reached XP level 7. HP: 54/54 MP: 7/7
  5947 | D:4      | 5947 ||| STAIRDANCE
  5983 | D:3      | HP: 11/54 [Bal's ghost (9)]
  5984 | D:3      | 5984 ||| DRINKING potion of heal wounds.
  5990 | D:3      | Killed Bal's ghost
  6299 | D:4      | 6299 ||| UPGRADING to whip.
  6300 | D:4      | 6300 ||| SWAPPING to +3 war axe.
  6371 | D:4      | Reached skill level 7 in Axes
  6428 | D:4      | 6428 ||| DROPPING +0 whip.
  6429 | D:4      | 6429 ||| UPGRADING to flail.
  6430 | D:4      | 6430 ||| SWAPPING to +3 war axe.
  6586 | D:4      | 6586 ||| READING scroll of identify.
  6586 | D:4      | 6586 ||| IDENTIFYING marble ring
  6587 | D:4      | 6587 ||| DROPPING ring of magical power.
  6625 | D:5      | Entered Level 5 of the Dungeon
  6764 | D:5      | 6764 ||| READING scroll of enchant weapon.
  6764 | D:5      | 6764 ||| ENCHANTING +3 war axe.
  6870 | D:5      | Reached XP level 8. HP: 55/60 MP: 8/8
  7136 | D:5      | Found a basalt altar of Yredelemnul.
  7415 | D:5      | 7415 ||| UPGRADING to granite ring.
  7417 | D:5      | 7417 ||| UPGRADING to ring of resist corrosion.
  7419 | D:5      | 7419 ||| READING scroll labeled ZYPPEDU PEITSO.
  7420 | D:5      | 7420 ||| READING 4 scrolls of identify.
  7420 | D:5      | 7420 ||| IDENTIFYING metallic white potion
  7421 | D:5      | 7421 ||| READING 3 scrolls of identify.
  7421 | D:5      | 7421 ||| IDENTIFYING sedimented silvery potion
  7422 | D:5      | 7422 ||| READING 2 scrolls of identify.
  7422 | D:5      | 7422 ||| IDENTIFYING glowing amethyst potion
  7423 | D:5      | 7423 ||| DROPPING potion of degeneration.
  7424 | D:5      | 7424 ||| DROPPING potion of lignification.
  7443 | D:6      | Reached skill level 8 in Axes
  7541 | D:6      | Found a glowing drain.
  7542 | D:6      | 7542 ||| Found Sewer.
  7577 | Sewer    | Entered a sewer
  7596 | Sewer    | 7596 ||| Stepping ~*~*~tactically~*~*~ (water).
  7598 | Sewer    | 7598 ||| Stepping ~*~*~tactically~*~*~ (water).
  7600 | Sewer    | 7600 ||| Stepping ~*~*~tactically~*~*~ (water).
  7602 | Sewer    | 7602 ||| Stepping ~*~*~tactically~*~*~ (water).
  7614 | Sewer    | 7614 ||| Stepping ~*~*~tactically~*~*~ (water).
  7616 | Sewer    | 7616 ||| Stepping ~*~*~tactically~*~*~ (water).
  7618 | Sewer    | 7618 ||| Stepping ~*~*~tactically~*~*~ (water).
  7620 | Sewer    | 7620 ||| Stepping ~*~*~tactically~*~*~ (water).
  7622 | Sewer    | 7622 ||| Stepping ~*~*~tactically~*~*~ (water).
  7634 | Sewer    | 7634 ||| Stepping ~*~*~tactically~*~*~ (water).
  7636 | Sewer    | 7636 ||| Stepping ~*~*~tactically~*~*~ (water).
  7639 | Sewer    | 7639 ||| Stepping ~*~*~tactically~*~*~ (water).
  7641 | Sewer    | 7641 ||| Stepping ~*~*~tactically~*~*~ (water).
  7653 | Sewer    | 7653 ||| Stepping ~*~*~tactically~*~*~ (water).
  7655 | Sewer    | 7655 ||| Stepping ~*~*~tactically~*~*~ (water).
  7657 | Sewer    | 7657 ||| Stepping ~*~*~tactically~*~*~ (water).
  7659 | Sewer    | 7659 ||| Stepping ~*~*~tactically~*~*~ (water).
  7661 | Sewer    | 7661 ||| Stepping ~*~*~tactically~*~*~ (water).
  7673 | Sewer    | 7673 ||| Stepping ~*~*~tactically~*~*~ (water).
  7675 | Sewer    | 7675 ||| Stepping ~*~*~tactically~*~*~ (water).
  7677 | Sewer    | 7677 ||| Stepping ~*~*~tactically~*~*~ (water).
  7698 | Sewer    | 7698 ||| Stepping ~*~*~tactically~*~*~ (water).
  7723 | Sewer    | 7723 ||| Stepping ~*~*~tactically~*~*~ (water).
  7725 | Sewer    | 7725 ||| Stepping ~*~*~tactically~*~*~ (water).
  7727 | Sewer    | 7727 ||| Stepping ~*~*~tactically~*~*~ (water).
  7729 | Sewer    | 7729 ||| Stepping ~*~*~tactically~*~*~ (water).
  7731 | Sewer    | 7731 ||| Stepping ~*~*~tactically~*~*~ (water).
  7743 | Sewer    | 7743 ||| Stepping ~*~*~tactically~*~*~ (water).
  7745 | Sewer    | 7745 ||| Stepping ~*~*~tactically~*~*~ (water).
  7747 | Sewer    | 7747 ||| Stepping ~*~*~tactically~*~*~ (water).
  7749 | Sewer    | 7749 ||| Stepping ~*~*~tactically~*~*~ (water).
  7751 | Sewer    | 7751 ||| Stepping ~*~*~tactically~*~*~ (water).
  7763 | Sewer    | 7763 ||| Stepping ~*~*~tactically~*~*~ (water).
  7765 | Sewer    | 7765 ||| Stepping ~*~*~tactically~*~*~ (water).
  7767 | Sewer    | 7767 ||| Stepping ~*~*~tactically~*~*~ (water).
  7769 | Sewer    | 7769 ||| Stepping ~*~*~tactically~*~*~ (water).
  7771 | Sewer    | 7771 ||| Stepping ~*~*~tactically~*~*~ (water).
  7783 | Sewer    | 7783 ||| Stepping ~*~*~tactically~*~*~ (water).
  7785 | Sewer    | 7785 ||| Stepping ~*~*~tactically~*~*~ (water).
  7787 | Sewer    | 7787 ||| Stepping ~*~*~tactically~*~*~ (water).
  7789 | Sewer    | 7789 ||| Stepping ~*~*~tactically~*~*~ (water).
  7791 | Sewer    | 7791 ||| Stepping ~*~*~tactically~*~*~ (water).
  7803 | Sewer    | 7803 ||| Stepping ~*~*~tactically~*~*~ (water).
  7805 | Sewer    | 7805 ||| Stepping ~*~*~tactically~*~*~ (water).
  7807 | Sewer    | 7807 ||| Stepping ~*~*~tactically~*~*~ (water).
  7809 | Sewer    | 7809 ||| Stepping ~*~*~tactically~*~*~ (water).
  7811 | Sewer    | 7811 ||| Stepping ~*~*~tactically~*~*~ (water).
  7823 | Sewer    | 7823 ||| Stepping ~*~*~tactically~*~*~ (water).
  7825 | Sewer    | 7825 ||| Stepping ~*~*~tactically~*~*~ (water).
  7827 | Sewer    | 7827 ||| Stepping ~*~*~tactically~*~*~ (water).
  7829 | Sewer    | 7829 ||| Stepping ~*~*~tactically~*~*~ (water).
  7831 | Sewer    | 7831 ||| Stepping ~*~*~tactically~*~*~ (water).
  7843 | Sewer    | 7843 ||| Stepping ~*~*~tactically~*~*~ (water).
  7988 | Sewer    | 7988 ||| Stepping ~*~*~tactically~*~*~ (water).
  8109 | Sewer    | 8109 ||| Stepping ~*~*~tactically~*~*~ (water).
  8333 | Sewer    | 8333 ||| READING scroll labeled VOCSOL HOXTYV.
  8334 | Sewer    | 8334 ||| READING 2 scrolls labeled TEGAPTE CUAWK.
  8335 | Sewer    | 8335 ||| READING scroll labeled TAGOAGO DEUG.
  8336 | Sewer    | 8336 ||| READING scroll labeled WAHUAV RUMA.
  8337 | Sewer    | 8337 ||| DROPPING scroll of fog.
  8506 | D:6      | Reached skill level 6 in Shields
  8704 | D:6      | Found a deep blue altar of Sif Muna.
  8707 | D:6      | 8707 ||| EATING ration.
  8719 | D:6      | 8719 ||| Stepping ~*~*~tactically~*~*~ (water).
  8870 | D:6      | Found a radiant altar of Vehumet.
  9272 | D:6      | 9272 ||| READING 3 scrolls of identify.
  9272 | D:6      | 9272 ||| IDENTIFYING clear potion
  9273 | D:6      | 9273 ||| READING 2 scrolls of identify.
  9273 | D:6      | 9273 ||| IDENTIFYING fuming ruby potion
  9274 | D:6      | 9274 ||| DROPPING potion of invisibility.
  9300 | D:7      | Found a hazy altar of Hepliaklqana.
  9321 | D:7      | Found a shattered altar of Ashenzari.
  9321 | D:7      | Found a shadowy altar of Dithmenos.
  9321 | D:7      | Found a burning altar of Makhleb.
  9322 | D:7      | Found a white marble altar of Elyvilon.
  9322 | D:7      | Found a bloodstained altar of Trog.
  9322 | D:7      | Found a stormy altar of Qazlal.
  9532 | D:7      | Noticed Burgietje's ghost (novice GrFi)
  9547 | D:7      | HP: 15/62 [Burgietje's ghost (17)]
  9550 | D:7      | Slain by Burgietje's ghost

Vault maps used:
D:1:      grunt_arrival_lava_bath
D:2:      overflow_temple_1_default, minmay_misc_feat_alley
D:3:      overflow_temple_1_default, first_ration,
          nicolae_qazlal_eye_of_the_storm
D:4:      cheibriados_altar_1, temple_statues, minmay_misc_feat_square
D:5:      kennysheep_little_box
D:6:      kennysheep_mini_moat, cheibrodos_sewer_entry_sluice, basic_altar
D:7:      lemuel_ratsnest, grunt_temple_overflow_open, serial_shops, shop
Temple:   chequers_temple_sunken
Sewer:    sewer_co_scattered_pipes

Skill      XL: |  1  2  3  4  5  6  7  8 |
---------------+-------------------------+-----
Axes           | 3 4 6 7 8 |  8.5
Dodging        | 1 |  1.0
Shields        | 4 5 6 |  6.0
Fighting       | 4 5 |  5.0
Armour         | |  3.2

Action                   |  1- 3 |  4- 6 |  7- 9 || total
-------------------------+-------+-------+-------++-------
Melee: War axe           |    61 |   195 |   208 ||   464
Throw: Javelin           |       |       |     9 ||     9
       Tomahawk          |       |       |     6 ||     6
  Use: Scroll            |     5 |    10 |    12 ||    27
       Potion            |     1 |     1 |     1 ||     3
  Eat: Chunk             |       |     6 |     9 ||    15
       Ration            |       |     3 |     1 ||     4
Armor: Scale mail        |    20 |    60 |    62 ||   142
Dodge: Dodged            |    18 |    56 |    56 ||   130
Block: Shield            |    38 |    96 |    85 ||   219

Table legend:
 A = Spawn XP
 B = Non-spawn XP
 C = Spawn XP percentage of total XP
 D = Spawn monster count
 E = Non-spawn monster count
 F = Spawn count percentage of total count
 G = Total turns spent on level
                    A         B        C        D         E        F      G
               +---------+---------+-------+---------+---------+-------+---------
         Total |       0 |    1766 |   0.0 |       0 |     143 |   0.0 |  9550
               +---------+---------+-------+---------+---------+-------+---------
           D:1 |       0 |      41 |   0.0 |       0 |      20 |   0.0 |   789
           D:2 |       0 |      95 |   0.0 |       0 |      25 |   0.0 |  3219
           D:3 |       0 |     253 |   0.0 |       0 |      29 |   0.0 |  1347
           D:4 |       0 |     411 |   0.0 |       0 |      17 |   0.0 |  1078
           D:5 |       0 |     422 |   0.0 |       0 |      16 |   0.0 |   807
           D:6 |       0 |     320 |   0.0 |       0 |      16 |   0.0 |  1062
           D:7 |       0 |     162 |   0.0 |       0 |       4 |   0.0 |   251
         Sewer |       0 |      62 |   0.0 |       0 |      16 |   0.0 |   805
               +---------+---------+-------+---------+---------+-------+---------
